 Dungeon Crawl Stone Soup version 0.18-a0-1720-g8df8b1a (webtiles) character file.

1209172 rand0m the Axe Maniac (level 27, -4/218 HPs)
             Began as a Minotaur Fighter on Apr 8, 2016.
             Was a High Priest of Okawaru.
             Killed by dispel undead
             ... invoked by an anubis guard
              (31 damage)
             ... on level 1 of the Tomb of the Ancients on Apr 9, 2016.
             The game lasted 10:00:05 (135146 turns).

rand0m the Axe Maniac (Minotaur Fighter)          Turns: 135146, Time: 10:00:06

Health: -4/218     AC: 57    Str: 41    XL:     27
Magic:  42/42      EV: 20    Int: 19    God:    Okawaru [*****.]
Gold:   14717      SH: 21    Dex: 11    Spells: 6 memorised, 48 levels left

rFire  + + .     SeeInvis +     I - +9 broad axe (elec)
rCold  + + +     Gourm    .     u - +8 gold dragon armour
rNeg   + + +     Faith    .     w - +1 shield of Zod Pomm {+Blink rF- rCorr Int+6}
rPois  ∞         Spirit   .     D - +2 hat {MR+}
rElec  .         Dismiss  .     g - +2 cloak {MR+}
rCorr  +         Reflect  .     f - +2 pair of gloves {Str+3}
SustAt .         Harm     .     E - +2 pair of boots {Fly}
MR     +++++     NoTele   +     x - amulet of Syzxin {RegenMP Str+4 Int+9 Slay-4}
Stlth  ..........               e - ring of Hyklum {+Inv rF+ rC+ Slay+2 SInv}
                                S - ring of Pusky {-Tele rF+ rN+++ AC+2 Str+6}

@: lich-form (expiring), flying, studying 2 skills, repel missiles, almost
entirely resistant to hostile enchantments, extremely unstealthy
A: retaliatory headbutt, horns 2, blurry vision 1, dopey 2, frail 2, low mp 1,
sense surroundings 1, screaming 2, slow regeneration 1, teleportitis 1, weak 1,
MP-powered wands
a: End Transformation, Heroism, Finesse, Renounce Religion, Evoke Blink, Evoke
Invisibility, Stop Flying
}: 10/15 runes: decaying, serpentine, slimy, silver, abyssal, demonic, glowing,
magical, fiery, dark


You were on level 1 of the Tomb of the Ancients.
You worshipped Okawaru.
Okawaru was extremely pleased with you.
You were not hungry.
You were a lich.
You visited 15 branches of the dungeon, and saw 68 of its levels.
You visited Pandemonium 1 time, and saw 12 of its levels.
You visited the Abyss 10 times.
You visited 1 ziggurat, and saw 15 of its levels.
You also visited: Labyrinth, Bailey, Ice Cave and Volcano.

You collected 19037 gold pieces.
You spent 4320 gold pieces at shops.

Inventory:

Hand Weapons
 I - a +9 broad axe of electrocution (weapon)
Armour
 f - a +2 pair of gloves of strength (worn)
 g - a +2 cloak of magic resistance (worn)
 k - the +7 buckler of Imperfection {rC+ Int+2}
   (Okawaru gifted it to you on level 11 of the Dungeon)

   It affects your intelligence (+2).
   It protects you from cold.
 m - a +4 shield of reflection
 u - a +8 gold dragon armour (worn)
 w - the +1 shield of Zod Pomm (worn) {+Blink rF- rCorr Int+6}
   (Okawaru gifted it to you on level 2 of the Swamp)

   It affects your intelligence (+6).
   It makes you vulnerable to fire.
   It lets you blink.
   It protects you from acid and corrosion.
 D - a +2 hat of magic resistance (worn)
 E - a +2 pair of boots of flying (worn)
Magical Staves
 a - an uncursed staff of wizardry
Jewellery
 e - the ring of Hyklum (right hand) {+Inv rF+ rC+ Slay+2 SInv}
   (You took it off a fire giant on level 5 of the Vaults)

   [ring of protection from fire]

   It affects your accuracy and damage with ranged weapons and melee attacks
   (+2).
   It protects you from fire.
   It protects you from cold.
   It lets you see invisible.
   It lets you turn invisible.
 s - an amulet "Loaqen" {+Rage MR++ Str-3 Dex+4}
   (You took it off a balrug in Pandemonium)

   [amulet of rage]

   It affects your strength (-3).
   It affects your dexterity (+4).
   It affects your resistance to hostile enchantments.
   It lets you go berserk.
 v - the ring of Quexku {rCorr rF+ MP+9 Dex+4}
   (You found it on level 3 of the Swamp)

   [ring of resist corrosion]

   It affects your dexterity (+4).
   It protects you from fire.
   It affects your magic capacity (+9).
 x - the amulet of Syzxin (around neck) {RegenMP Str+4 Int+9 Slay-4}
   (You found it on level 8 of the Dungeon)

   [amulet of magic regeneration]

   It increases your magic regeneration.
   It affects your strength (+4).
   It affects your intelligence (+9).
   It affects your accuracy and damage with ranged weapons and melee attacks
   (-4).
 y - an uncursed amulet of the gourmand
 S - the ring of Pusky (left hand) {-Tele rF+ rN+++ AC+2 Str+6}
   (You bought it in a shop on level 3 of the Snake Pit)

   [ring of protection]

   It affects your AC (+2).
   It affects your strength (+6).
   It protects you from fire.
   It renders you almost immune to negative energy.
   It prevents most forms of teleportation.
Wands
 d - a wand of disintegration (1/24)
 j - a wand of heal wounds (5/9)
 C - a wand of teleportation (8/9)
 Z - a wand of hasting (2/9)
Scrolls
 b - 39 scrolls of remove curse
 l - 26 scrolls of teleportation
 o - 12 scrolls of identify
 q - 9 scrolls of fog
 r - 9 scrolls of magic mapping
 H - 11 scrolls of fear
 P - 2 scrolls of blinking
 Q - 4 scrolls of summoning
 V - 5 scrolls of silence
 Y - 3 scrolls of holy word
Potions
 c - 11 potions of brilliance
 i - 20 potions of curing
 n - 5 potions of cancellation
 t - a potion of haste
 L - 2 potions of resistance
 T - 5 potions of ambrosia
 U - 2 potions of invisibility
Books
 J - a manual of Air Magic
 K - a manual of Charms
Miscellaneous
 h - a legendary deck of summoning {the Pentagram, drawn: 2}
 p - a legendary deck of changes {the Alchemist, drawn: 1}
 z - 6 phantom mirrors
 G - a legendary deck of escape {the Shaft}
 M - a legendary deck of war {Water}
Comestibles
 B - 10 slices of pizza
 W - 9 beef jerkies


   Skills:
 O Level 27 Fighting
 O Level 27 Axes
 O Level 27 Armour
 O Level 27 Dodging
 O Level 27 Shields
 * Level 21.0 Spellcasting
 - Level 2.3 Charms
 + Level 19.4 Necromancy
 + Level 19.4 Transmutations
 - Level 2.3 Air Magic
 - Level 7.0 Invocations
 - Level 6.0 Evocations


You had 48 spell levels left.
You knew the following spells:

 Your Spells              Type           Power        Failure   Level  Hunger
a - Apportation           Tloc           ###.......   10%         1    N/A
b - Repel Missiles        Chrm/Air       ####..       6%          2    N/A
c - Regeneration          Chrm/Necr      ######....   1%          3    N/A
d - Passage of Golubria   Tloc           N/A          85%         4    N/A
e - Necromutation         Trmt/Necr      #######...   21%         8    N/A
f - Passwall              Trmt/Erth      ######....   1%          2    N/A

Dungeon Overview and Level Annotations

Branches:
Dungeon (15/15)            Temple (1/1) D:5            Lair (8/8) D:9
  Swamp (4/4) Lair:3        Snake (4/4) Lair:5        Slime (6/6) Lair:7
    Orc (2/2) D:12            Elf (3/3) Orc:2        Vaults (5/5) D:13
  Crypt (3/3) Vaults:3       Tomb (2/3) Crypt:3      Depths (5/5) D:15
   Hell (1/1)                 Dis (0/7) Hell            Geh (4/7) Hell
    Coc (0/7) Hell            Tar (0/7) Hell            Zot (5/5) Depths:5

Altars:
Ashenzari
Cheibriados
Dithmenos
Elyvilon
Fedhas
Gozag
Kikubaaqudgha
Makhleb
Nemelex Xobeh
Okawaru
Pakellas
Qazlal
Ru
Sif Muna
Trog
Vehumet
Xom
Yredelemnul
Zin
The Shining One
Beogh
Jiyva

Shops:
D:6 ([   D:7 :   Orc:2 *[=(   Snake:2 [   Snake:3 [[=*   Snake:4 [
Vaults:1 [(   Vaults:4 =   Depths:1 *   Depths:4 [*(

Portals:
Hell: Depths:1 Depths:2 Depths:3 Depths:4 Depths:5
Abyss: Depths:1 Depths:4
Pandemonium: Depths:3 Depths:5


Innate Abilities, Weirdness & Mutations

You reflexively headbutt those who attack you in melee.
You have a pair of horns on your head.
Scrolls take you a little longer to read.
You are very dopey. (Int -4)
You are very frail (-20% HP).
Your magical capacity is low (-10% MP).
You passively map a small area around you.
You sometimes yell uncontrollably at your foes.
You regenerate slowly when monsters are visible.
You are occasionally teleported next to monsters.
You are weak. (Str -2)
You expend magic power (3 MP) to strengthen your wands.


Message History

You headbutt the guardian mummy, but do no damage.
The guardian mummy is heavily damaged.
You barely miss the anubis guard. You slice the anubis guard!!
You kill the anubis guard!
Okawaru accepts your kill. You block the guardian mummy's attack.
You open the guardian mummy like a pillowcase!!!!
You destroy the guardian mummy!
Okawaru accepts your kill.
You feel extremely nervous for a moment...
Flickering shadows surround you.
You slice the anubis guard!!
The anubis guard is heavily wounded.
The anubis guard howls a warning cry!
You hit the anubis guard. Your headbutt misses the anubis guard.
The anubis guard is severely wounded.
You slash the shadow!
The shadow is heavily damaged.
The anubis guard invokes the aid of its god against you.
You convulse!
You die...

......................!..#,
#...
......8...8............8.#,,
#...
...........).............#
*#...
#######...#####''#####...#
#...
......#...#..........#...#
#...
......#...#..........#...#
#...
.[....#...#..........#...#
#...
###...#...#...########...#,
#...
..#...#...#.).#.L#...#...#,
#...
..'.8.#...#.8['WH#...#.8.#,
#...
..#...#...#...#W.#...#...# ,
#...
###...#...#...####...#...#,
*#... .
#...#...#..........#...#,,
#...
..#...#...#..........#...#,
#...
..#...#...#..........#...#
,*#...
#######...################
*#...
.........................#
#...


You could see an anubis guard and 2 shadows.

Vanquished Creatures
  the Royal Jelly (Slime:6)
  Gloorx Vloq (Pan)
  Mnoleg (Pan)
  Lom Lobon (Pan)
  7 ancient liches
  Mara (Crypt:1)
  8 pandemonium lords (Pan)
  8 orbs of fire
  Mennas (Vaults:2)
  3 juggernauts
  The ghost of rand0m the Slayer, a veteran MiFi of Okawaru (Slime:6)
  Sojobo (Vaults:5)
  A greater mummy (Tomb:1)
  Boris (Vaults:2)
  Frederick (Crypt:2)
  Saint Roka (Depths:2)
  A curse toe (Zot:5)
  4 caustic shrikes
  2 Killer Klowns (Zot:5)
  15 golden dragons
  Geryon (Hell)
  Nikola (Vaults:1)
  3 profane servitors
  Xtahua (Crypt:1)
  7 Tzitzimimeh (Pan)
  13 bone dragons
  14 Brimstone Fiends
  2 electric golems (Zot:5)
  26 tentacled monstrosities
  Jorgrun (Vaults:2)
  14 liches
  25 Orb Guardians (Zot:5)
  2 hellephants (Abyss:1)
  5 Hell Sentinels
  3 deep elf blademasters
  2 Ice Fiends
  3 quicksilver dragons
  4 deep elf master archers
  12 titans
  25 acid blobs
  59 tentacled starspawn
  29 Executioners
  4 death cobs
  3 eldritch tentacles
  An ancient champion (Crypt:3)
  9 sphinxes
  4 shadow dragons
  16 storm dragons
  4 draconian monks
  Gastronok (Lair:1)
  5 revenants
  Roxanne (D:14)
  7 thorn hunters
  Donald (Vaults:1)
  14 greater nagas
  12 azure jellies
  2 daevas
  12 tengu reavers
  Wiglaf (Snake:4)
  9 fire giants
  6 frost giants
  11 vault wardens
  2 curse skulls
  11 deep elf sorcerers
  8 draconian knights
  Maud (Lair:4)
  3 orc warlords
  3 warmongers (Pan)
  33 balrugs
  3 ghost moths
  Aizul (Snake:4)
  2 caustic shrike zombies
  14 ironheart preservers
  27 cacodemons
  24 reapers
  7 draconian scorchers
  3 angels (Abyss:1)
  A ghoul (Vaults:4)
  A juggernaut zombie (Crypt:1)
  4 draconian shifters
  4 deep elf elementalists
  14 draconian annihilators
  9 draconian zealots
  A caustic shrike skeleton (Zig:8)
  7 war gargoyles
  48 very ugly things
  5 blood saints (Pan)
  2 ophanim (Abyss:1)
  11 draconian callers
  12 vampire knights
  An apis (shapeshifter) (Depths:3)
  14 deep elf demonologists
  7 green draconians
  24 stone giants
  24 black draconians
  4 corrupters (Pan)
  A chaos champion (Pan)
  10 salamander stormcallers
  17 yellow draconians
  12 white draconians
  22 deep elf annihilators
  16 purple draconians
  12 lorocyprocas
  14 red draconians
  10 mottled draconians
  5 black suns (Pan)
  A merfolk javelineer (Zig:4)
  The ghost of Gottschkopf the Peltast, a journeyman MiFi of the Shining One (D:13)
  20 ettins
  A quicksilver dragon zombie (Geh:3)
  17 fire dragons
  11 jiangshi
  9 deep elf death magi
  50 blizzard demons
  7 death oozes
  6 eidola
  26 green deaths
  32 vault guards
  7 mummy priests (Tomb:1)
  Erolcha (D:8)
  A minotaur (Lab)
  12 yaktaur captains
  2 quicksilver dragon skeletons
  Josephine (Orc:1)
  8 deep elf high priests
  16 great orbs of eyes
  The ghost of rb10c the Protected, a journeyman MiFi of Okawaru (IceCv)
  21 rakshasas
  5 entropy weavers
  18 ice dragons
  A hydra (shapeshifter) (Vaults:4)
  Harold (D:10)
  16 naga warriors
  3 monstrous demonspawn (Pan)
  12 centaur warriors
  4 catoblepae
  2 spriggan air magi
  15 anacondas
  The ghost of mora the Protected, a novice MiFi of Okawaru (Lair:1)
  33 hydras
  14 ogre magi
  3 ghost crabs
  13 alligators
  30 dancing weapons
  11 tengu warriors
  7 death knights
  The ghost of Fv001 the Cudgeler, a journeyman GrFi of Qazlal (Lair:1)
  9 death yaks
  3 deep troll earth magi
  9 vampire magi
  4 spriggan berserkers
  12 deep troll shamans
  The ghost of MenacingMecha the Impaler, a novice MfGl of Cheibriados (D:10)
  34 hell hogs
  47 thrashing horrors
  3 titan zombies
  19 naga sharpshooters
  An iron golem (Geh:1)
  Urug (Lair:1)
  2 titan skeletons
  The ghost of ontamu the Cleaver, a novice DDFi (Bailey)
  19 shock serpents
  2 storm dragon zombies
  25 deep elf knights
  56 sun demons
  16 salamander mystics
  34 soul eaters
  Sonja (Lair:1)
  7 orc high priests
  80 hell knights
  5 fire crabs
  50 wretched stars
  2 golden dragon zombies
  A hellephant skeleton (Crypt:1)
  2 fire crabs (shapeshifter)
  15 shadow wraiths
  A spark wasp zombie (Crypt:1)
  4 death scarabs (Tomb:2)
  A ghost moth zombie (Crypt:2)
  24 skeletal warriors
  11 spatial maelstroms
  7 storm dragon skeletons
  6 shambling mangroves
  195 large abominations
  9 iron trolls
  14 giant orange brains
  23 shadow demons
  A kraken simulacrum (Hell)
  5 anaconda zombies
  16 unseen horrors
  15 ironbrand convokers
  5 death drakes
  26 deep trolls
  24 deep elf archers
  3 spriggan druids
  13 hill giants
  4 gelid demonspawn (Pan)
  11 infernal demonspawn
  9 putrid demonspawn (Pan)
  19 flayed ghosts
  15 swamp dragons
  9 naga ritualists
  5 harpies (Vaults:4)
  6 torturous demonspawn (Pan)
  3 anaconda skeletons
  2 shadow dragon zombies
  2 hill giants (shapeshifter)
  2 sphinx zombies
  A harpy (shapeshifter) (Vaults:5)
  2 wolf spider zombies
  12 anubis guards
  The ghost of mora the Nimble, a novice MfBe of Trog (D:6)
  34 phantasmal warriors
  A wolf spider (shapeshifter) (Elf:3)
  A wolf spider (Vaults:4)
  7 lindwurms
  The ghost of Mandevil the Chucker, a novice FoAM of Makhleb (D:5)
  26 necromancers
  27 orc knights
  A hell hog zombie (Crypt:1)
  2 iron dragon zombies (Geh:1)
  5 stone giant zombies
  A sphinx skeleton (Zig:11)
  16 wizards
  34 salamanders
  A tengu skeleton (Zig:11)
  4 golden dragon skeletons
  6 hornets
  5 shadow dragon skeletons
  67 deep elf magi
  13 mana vipers
  2 manticores
  8 orc sorcerers
  27 worldbinders
  5 fire giant zombies
  2 frost giant zombies
  8 shining eyes
  4 cyclopes
  6 griffons
  3 cyclopes (shapeshifter)
  An apis skeleton (Crypt:1)
  74 ugly things
  41 sixfirhies
  25 moths of wrath
  4 frost giant skeletons
  3 dire elephant zombies
  56 black mambas
  7 oklob plants (Zig:13)
  9 stone giant skeletons
  A black mamba (shapeshifter) (Depths:2)
  An iron dragon skeleton (Geh:3)
  10 vault sentinels
  13 guardian serpents
  A siren (Zig:4)
  Maurice (D:12)
  6 rust devils
  99 smoke demons
  6 apocalypse crabs
  A moth of wrath (shapeshifter) (Depths:1)
  A molten gargoyle (Hell)
  A water nymph (Zig:4)
  18 fire giant skeletons
  A titan simulacrum (Abyss:1)
  5 ice statues
  Psyche (D:11)
  30 naga magi
  28 spiny frogs
  7 gargoyles
  A storm dragon simulacrum (D:15)
  A shock serpent skeleton (Geh:3)
  41 orange demons
  A spiny frog (shapeshifter) (Abyss:3)
  A torpor snail (shapeshifter) (Vaults:4)
  A torpor snail (Lair:6)
  4 eyes of devastation
  4 dire elephant skeletons
  A rime drake (shapeshifter) (Vaults:5)
  A catoblepas skeleton (Geh:1)
  2 spriggan skeletons
  6 rime drakes
  12 komodo dragons
  31 demonic crawlers
  12 kobold demonologists
  21 efreet
  28 freezing wraiths
  19 hellions
  A yaktaur skeleton (Vaults:5)
  2 golden dragon simulacra
  32 yaktaurs
  2 anaconda simulacra
  9 guardian mummies
  27 ice devils
  A mottled draconian skeleton (Geh:3)
  5 tengu conjurers
  22 tormentors
  48 ancient zymes
  An emperor scorpion zombie (Crypt:2)
  4 hydra zombies
  44 hellwings
  9 trolls
  A jumping spider (shapeshifter) (D:15)
  47 red devils
  3 jumping spiders
  8 giant leeches
  A wolf spider simulacrum (D:15)
  20 two-headed ogres
  15 polar bears
  3 silent spectres
  3 wind drakes (shapeshifter)
  A polar bear (shapeshifter) (Abyss:1)
  10 merfolk (Zig:4)
  A troll (shapeshifter) (Abyss:1)
  11 boulder beetles
  A queen bee (shapeshifter) (Vaults:4)
  Grinder (D:6)
  A hydra skeleton (Geh:2)
  2 fire dragon zombies
  An iron dragon simulacrum (Abyss:1)
  A harpy skeleton (Geh:1)
  127 slime creatures
  3 ushabtiu
  9 bog bodies
  100 raiju
  21 blink frogs
  3 human simulacra
  7 ettin zombies
  2 ice dragon zombies
  A fire giant simulacrum (Abyss:1)
  6 ettin skeletons
  44 flying skulls
  2 alligator skeletons
  10 ice dragon skeletons
  5 vampires
  9 fire dragon skeletons
  73 ynoxinuls
  20 spriggans
  4 air elementals
  22 shadows
  37 wraiths
  A wyvern (shapeshifter) (Abyss:1)
  27 redbacks
  A tarantella (Vaults:4)
  16 water elementals
  3 fire bats (Abyss:1)
  A black mamba zombie (Geh:3)
  3 wyverns
  98 yaks
  An elf zombie (Depths:1)
  A yak (shapeshifter) (Abyss:1)
  2 basilisks
  A human (shapeshifter) (Vaults:1)
  A hippogriff (shapeshifter) (Abyss:1)
  67 chaos spawn
  A hog (shapeshifter) (Depths:3)
  A human (D:13)
  Eustachio (D:6)
  7 hungry ghosts
  68 neqoxecs
  27 fire elementals
  19 golden eyes
  Menkaure (D:5)
  12 hippogriffs
  A golden eye (shapeshifter) (Abyss:1)
  12 vampire mosquitoes
  4 elf skeletons
  25 spatial vortices
  15 wargs
  44 nagas
  16 swamp worms
  15 insubstantial wisps
  16 water moccasins
  2 merfolk skeletons
  51 hell hounds
  3 spiny frog zombies
  18 swamp drakes
  11 porcupines
  Duvessa (D:7)
  14 ice beasts
  83 orc warriors
  A putrid demonspawn skeleton (Crypt:2)
  9 black bears (Lair:8)
  20 wasps
  7 phantoms
  A swamp drake (shapeshifter) (Abyss:3)
  A spriggan simulacrum (Depths:3)
  An eye of draining (shapeshifter) (Abyss:1)
  10 sky beasts
  A swamp dragon zombie (Abyss:1)
  2 ettin simulacra (Abyss:1)
  2 manticore zombies
  3 necrophages
  66 ogres
  208 starcursed masses
  17 boggarts
  A snapping turtle zombie (Geh:1)
  10 eyes of draining
  A manticore skeleton (Abyss:1)
  6 snapping turtle skeletons
  2 swamp dragon skeletons
  41 wolves
  A blink frog skeleton (Crypt:1)
  36 centaurs
  17 crocodiles
  7 big kobolds
  A dryad zombie (Crypt:1)
  20 giant frogs
  159 small abominations
  6 earth elementals
  A spiny frog simulacrum (Hell)
  Dowan (D:7)
  A wyvern skeleton (D:15)
  5 scorpions
  16 killer bees
  A snapping turtle simulacrum (Abyss:1)
  A yak zombie (Crypt:1)
  62 wights
  A yak skeleton (Crypt:2)
  An electric eel (Elf:1)
  4 howler monkeys
  17 crimson imps
  2 giant frog zombies
  5 centaur zombies
  29 quasits
  5 hounds
  34 jellies
  24 orc priests
  Crazy Yiuf (D:6)
  2 giant frog skeletons
  6 centaur skeletons
  32 iron imps
  A porcupine zombie (Crypt:2)
  13 hell rats (Hell)
  10 iguanas
  28 orc wizards
  4 worker ants
  A killer bee zombie (D:4)
  22 sheep
  An ogre skeleton (Abyss:1)
  3 hound skeletons
  12 mummies
  A worker ant zombie (D:11)
  A hell rat zombie (Crypt:1)
  16 adders
  17 gnolls
  42 river rats
  6 shadow imps
  25 white imps
  2 giant eyeballs
  26 ufetubi
  An ooze (D:3)
  An adder skeleton (D:4)
  4 worms
  A ball lightning (Pan)
  2 dart slugs
  7 giant geckos
  170 orcs
  3 ball pythons
  4 giant cockroaches
  21 goblins
  20 hobgoblins
  5 jackals
  5 quokkas
  4 bats
  A giant gecko skeleton (D:4)
  7 giant newts
  26 kobolds
  2 quokka skeletons
  9 rats
  13 briar patches
  A butterfly (Lair:2)
  5 crawling corpses
  20 fire vortices
  5 fungi (Lair:8)
  3 lurking horrors
  20 plants
  53 starspawn tentacles
  A starspawn tentacle segment (Abyss:1)
6339 creatures vanquished.

Vanquished Creatures (collateral kills)
  A deep elf demonologist (Elf:3)
  An insubstantial wisp (Abyss:3)
  A quasit (Abyss:1)
3 creatures vanquished.

Vanquished Creatures (others)
  Cerebov (Pan)
  An ancient lich (Zot:5)
  2 Killer Klowns (Zot:5)
  A Brimstone Fiend (Geh:2)
  A tengu reaver (Vaults:5)
  A fire giant (Depths:3)
  A draconian knight (Zot:1)
  A draconian scorcher (Zig:13)
  A deep elf elementalist (Zig:12)
  A draconian zealot (Abyss:1)
  A salamander stormcaller (Vaults:5)
  3 stone giants
  A vault guard (Vaults:5)
  A deep elf high priest (Zig:12)
  3 yaktaur captains
  2 hydras (Zig:14)
  3 centaur warriors
  A dancing weapon (Zig:12)
  A hell hog (Geh:1)
  2 thrashing horrors
  A sun demon (Pan)
  2 large abominations (Abyss:1)
  A shadow demon (Pan)
  A shambling mangrove (Zig:15)
  2 deep elf archers
  2 deep elf magi
  An oklob plant (Zig:13)
  A guardian serpent (Depths:4)
  A spiny frog (Swamp:4)
  5 yaktaurs
  A red devil (Geh:4)
  2 water elementals
  A ynoxinul (Depths:3)
  A golden eye (Abyss:3)
  An insubstantial wisp (Swamp:4)
  3 small abominations
  A naga (Snake:3)
  2 hell hounds
  A sky beast (Abyss:1)
  A swamp drake (Depths:2)
  An orc warrior (Orc:1)
  A necrophage (Geh:3)
  A killer bee (D:14)
  2 wights (Geh:2)
  2 white imps (Abyss:1)
  2 ufetubi (Abyss:1)
  10 ball lightnings (Pan)
  2 orcs
  6 briar patches
  A bush (Lair:8)
  29 eldritch tentacle segments
  25 fungi
  5 lost souls
  7 lurking horrors
  14 plants
  88 starspawn tentacles
  698 starspawn tentacle segments
  A withered plant (Crypt:3)
955 creatures vanquished.

Grand Total: 7297 creatures vanquished

Notes
Turn   | Place    | Note
--------------------------------------------------------------
     0 | D:1      | rand0m the Minotaur Fighter began the quest for the Orb.
     0 | D:1      | Reached XP level 1. HP: 19/19 MP: 0/0
   156 | D:1      | Reached XP level 2. HP: 26/27 MP: 1/1
   674 | D:2      | Reached XP level 3. HP: 30/33 MP: 2/2
   994 | D:2      | Found a radiant altar of Vehumet.
  1080 | D:2      | Found a shattered altar of Ashenzari.
  1094 | D:2      | Reached XP level 4. HP: 34/41 MP: 3/3
  1246 | D:2      | Reached skill level 1 in Dodging
  1634 | D:3      | Found a sparkling altar of Nemelex Xobeh.
  1808 | D:3      | Found a shadowy altar of Dithmenos.
  1915 | D:3      | Reached XP level 5. HP: 47/47 MP: 5/5
  2183 | D:3      | Noticed an ice beast
  2199 | D:3      | Killed an ice beast
  2199 | D:3      | Reached skill level 5 in Fighting
  2199 | D:3      | Reached skill level 1 in Spellcasting
  2199 | D:3      | Reached XP level 6. HP: 28/56 MP: 6/6
  3405 | D:4      | Reached skill level 5 in Axes
  3754 | D:5      | Entered Level 5 of the Dungeon
  3765 | D:5      | Reached XP level 7. HP: 58/62 MP: 8/8
  3793 | D:5      | Found an opulent altar of Gozag.
  3956 | D:5      | Found a staircase to the Ecumenical Temple.
  3973 | Temple   | Entered the Ecumenical Temple
  3989 | Temple   | Became a worshipper of Warmaster Okawaru
  4145 | D:5      | Reached skill level 5 in Armour
  4295 | D:5      | Noticed Menkaure
  4300 | D:5      | Killed Menkaure
  4300 | D:5      | Reached skill level 5 in Shields
  4471 | D:5      | Noticed Mandevil's ghost (novice FoAM)
  4487 | D:5      | Killed Mandevil's ghost
  4487 | D:5      | Reached * piety under Okawaru
  4487 | D:5      | Reached XP level 8. HP: 73/73 MP: 8/10
  4920 | D:6      | Noticed Eustachio
  4924 | D:6      | Found Syuchelu's Armour Boutique.
  4960 | D:6      | Killed Eustachio
  5093 | D:6      | Noticed Grinder
  5097 | D:6      | Paralysed by Grinder for 5 turns
  5108 | D:6      | Paralysed by Grinder for 3 turns
  5113 | D:6      | Killed Grinder
  5113 | D:6      | Reached ** piety under Okawaru
  5117 | D:6      | Found Ceigis's Antique Weapon Shop.
  5259 | D:6      | Bought a polished whip for 165 gold pieces
  5259 | D:6      | Identified the cursed +3 whip of Cheese {slash, +Inv Dex+8} (You bought it in a shop on level 6 of the Dungeon)
  5350 | D:6      | Reached XP level 9. HP: 81/81 MP: 11/11
  5557 | D:6      | Noticed Crazy Yiuf
  5562 | D:6      | Killed Crazy Yiuf
  5626 | D:6      | Reached skill level 1 in Invocations
  5644 | D:6      | Reached skill level 1 in Evocations
  5900 | D:6      | Noticed mora's ghost (novice MfBe)
  5913 | D:6      | Killed mora's ghost
  6153 | D:7      | Found a deep blue altar of Sif Muna.
  6194 | D:7      | Noticed Dowan
  6195 | D:7      | Noticed Duvessa
  6201 | D:7      | Killed Duvessa
  6204 | D:7      | Killed Dowan
  6440 | D:7      | Reached *** piety under Okawaru
  6710 | D:7      | Found a white marble altar of Elyvilon.
  6811 | D:7      | Found Jussono's Book Shop.
  7113 | D:8      | Reached skill level 5 in Dodging
  7196 | D:8      | Noticed Erolcha
  7199 | D:8      | Paralysed by something for 3 turns
  7203 | D:8      | Reached XP level 10. HP: 84/91 MP: 13/13
  7211 | D:8      | Killed Erolcha
  7409 | D:8      | Found a sparkling altar of Nemelex Xobeh.
  7499 | D:8      | Got a faintly glowing lead amulet
  7500 | D:8      | Identified the amulet of Syzxin {RegenMP Str+4 Int+9 Slay-4} (You found it on level 8 of the Dungeon)
  7866 | D:9      | Reached **** piety under Okawaru
  7868 | D:9      | Found a staircase to the Lair.
  7980 | D:9      | Found a blossoming altar of Fedhas.
  8232 | D:9      | Found a glowing golden altar of the Shining One.
  8417 | D:10     | Entered Level 10 of the Dungeon
  8441 | D:10     | Reached skill level 10 in Fighting
  8662 | D:10     | Noticed Harold
  8712 | D:10     | Killed Harold
  8712 | D:10     | Reached ***** piety under Okawaru
  8712 | D:10     | Reached XP level 11. HP: 48/100 MP: 15/15
  8796 | D:10     | Noticed MenacingMecha's ghost (novice MfGl)
  9040 | D:10     | Killed MenacingMecha's ghost
  9293 | D:10     | Noticed a hill giant
  9313 | D:10     | Killed a hill giant
  9725 | D:11     | Received a gift from Okawaru
  9725 | D:11     | Reached skill level 10 in Axes
  9732 | D:11     | Got a brightly glowing buckler {god gift}
  9765 | D:10     | Identified the +7 buckler of Imperfection {rC+ Int+2} (Okawaru gifted it to you on level 11 of the Dungeon)
  9813 | Lair:1   | Entered Level 1 of the Lair of Beasts
  9813 | Lair:1   | Noticed mora's ghost (novice MiFi)
  9852 | Lair:1   | Killed mora's ghost
 10035 | Lair:1   | Noticed Urug
 10068 | Lair:1   | Killed Urug
 10222 | Lair:1   | Noticed Fv001's ghost (journeyman GrFi)
 10234 | Lair:1   | Found a dark tunnel.
 10242 | Volcano  | Entered a volcano
 10897 | Lair:1   | Noticed Sonja
 10908 | Lair:1   | Killed Sonja
 11075 | Lair:1   | Noticed Gastronok
 11101 | Lair:1   | Killed Gastronok
 11101 | Lair:1   | Reached XP level 12. HP: 90/110 MP: 17/17
 12040 | Lair:2   | Found a frozen archway.
 12099 | IceCv    | Entered an ice cave
 12099 | IceCv    | Noticed rb10c's ghost (journeyman MiFi)
 12150 | IceCv    | Killed rb10c's ghost
 12723 | IceCv    | Noticed a death yak
 12725 | IceCv    | Reached skill level 5 in Evocations
 12752 | IceCv    | Killed a death yak
 12892 | IceCv    | Reached skill level 5 in Spellcasting
 12899 | IceCv    | Reached ****** piety under Okawaru
 13272 | IceCv    | Received a gift from Okawaru
 13288 | IceCv    | Got a steaming quarterstaff {god gift}
 13671 | IceCv    | Noticed a death yak
 13671 | IceCv    | Noticed a death yak
 13695 | IceCv    | Killed a death yak
 13705 | IceCv    | Killed a death yak
 13923 | IceCv    | Noticed a white draconian
 13946 | IceCv    | Killed a white draconian
 13946 | IceCv    | Reached XP level 13. HP: 106/119 MP: 19/19
 14391 | Lair:2   | Learned a level 1 spell: Apportation
 14536 | Lair:2   | Received a gift from Okawaru
 14544 | Lair:2   | Reached skill level 10 in Shields
 15467 | Lair:3   | Found a staircase to the Swamp.
 15916 | Lair:4   | Reached XP level 14. HP: 129/129 MP: 21/21
 16064 | Lair:4   | Noticed Maud
 16082 | Lair:4   | Killed Maud
 16793 | Lair:5   | Received a gift from Okawaru
 16956 | Lair:5   | Found a staircase to the Snake Pit.
 18977 | Lair:7   | Received a gift from Okawaru
 19321 | Lair:7   | Found a viscous altar of Jiyva.
 19322 | Lair:7   | Found a staircase to the Slime Pits.
 19983 | Lair:8   | Entered Level 8 of the Lair of Beasts
 19988 | Lair:8   | Found a labyrinth entrance.
 19994 | Lair:8   | Reached XP level 15. HP: 138/138 MP: 23/23
 20030 | Lab      | Entered a labyrinth
 21306 | Lair:8   | Identified a +4 rod of clouds (12/12) (You found it in a labyrinth)
 21348 | Lair:8   | Found an iron altar of Okawaru.
 21847 | Lair:8   | Received a gift from Okawaru
 23428 | Lair:1   | Killed Fv001's ghost
 23733 | D:11     | Received a gift from Okawaru
 23933 | D:11     | Reached skill level 15 in Fighting
 24240 | D:11     | Noticed Psyche
 24247 | D:11     | Killed Psyche
 24518 | D:12     | Reached skill level 10 in Dodging
 24681 | D:12     | Found a staircase to the Orcish Mines.
 24956 | D:12     | Noticed Maurice
 24965 | D:12     | Killed Maurice
 25173 | D:13     | Noticed Gottschkopf's ghost (journeyman MiFi)
 25193 | D:13     | Killed Gottschkopf's ghost
 25193 | D:13     | Received a gift from Okawaru
 25262 | D:13     | Reached skill level 15 in Axes
 25636 | D:13     | Found a gate to the Vaults.
 25642 | D:13     | Reached XP level 16. HP: 116/149 MP: 25/25
 26564 | D:14     | Found a flagged portal.
 26613 | Bailey   | Entered a bailey
 26766 | Bailey   | Noticed ontamu's ghost (novice DDFi)
 26785 | Bailey   | Killed ontamu's ghost
 27125 | Bailey   | Reached XP level 17. HP: 158/158 MP: 26/26
 27749 | D:14     | Noticed Roxanne
 27783 | D:14     | Killed Roxanne
 27794 | D:14     | Identified Roxanne's Reference Book on Clay (You took it off Roxanne on level 14 of the Dungeon)
 28524 | D:15     | Entered Level 15 of the Dungeon
 29015 | D:15     | Paralysed by a wizard for 2 turns
 29073 | D:15     | Found a staircase to the Depths.
 29589 | Orc:1    | Entered Level 1 of the Orcish Mines
 29686 | Orc:2    | Entered Level 2 of the Orcish Mines
 29786 | Orc:1    | Received a gift from Okawaru
 30024 | Orc:1    | Noticed Josephine
 30034 | Orc:1    | Killed Josephine
 30737 | Orc:2    | Found Cuguih's Assorted Antiques.
 30843 | Orc:2    | Found Xaickant's Armour Shoppe.
 31088 | Orc:2    | Found a roughly hewn altar of Beogh.
 31379 | Orc:2    | Found Wuenteop's Antique Weapon Shoppe.
 31379 | Orc:2    | Found Cyihy's Jewellery Shop.
 31418 | Orc:2    | Found a staircase to the Elven Halls.
 32084 | Swamp:1  | Entered Level 1 of the Swamp
 33097 | Swamp:1  | Reached XP level 18. HP: 168/168 MP: 28/28
 33495 | Swamp:2  | Received a gift from Okawaru
 33505 | Swamp:2  | Got a twisted shield {god gift}
 33516 | Swamp:2  | Identified the +1 shield of Zod Pomm {+Blink rF- rCorr Int+6} (Okawaru gifted it to you on level 2 of the Swamp)
 33893 | Swamp:2  | Got a steaming rapier
 33894 | Swamp:2  | Identified the cursed +1 rapier of Evolution {pierce, rC+ Stlth+} (You found it on level 2 of the Swamp)
 36248 | Swamp:3  | Got a faintly glowing tin ring
 36249 | Swamp:3  | Identified the ring of Quexku {rCorr rF+ MP+9 Dex+4} (You found it on level 3 of the Swamp)
 36683 | Swamp:4  | Entered Level 4 of the Swamp
 37488 | Swamp:4  | Reached skill level 15 in Armour
 38171 | Swamp:4  | Received a gift from Okawaru
 38228 | Swamp:4  | Got a slimy plate armour {god gift}
 38228 | Swamp:4  | Gained mutation: Your muscles are strong. (Str +2) [mutagenic glow]
 38240 | Swamp:4  | Identified the +0 plate armour of Xupuil {rF+ rN+ MP+9 Int+3} (Okawaru gifted it to you on level 4 of the Swamp)
 38340 | Swamp:4  | Got a decaying rune of Zot
 39617 | Snake:1  | Entered Level 1 of the Snake Pit
 41030 | Snake:1  | Reached XP level 19. HP: 154/179 MP: 30/30
 41904 | Snake:2  | Found a deep blue altar of Sif Muna.
 42020 | Snake:2  | Learned a level 2 spell: Repel Missiles
 42138 | Snake:2  | Received a gift from Okawaru
 42410 | Snake:2  | Found Lynu's Armour Shop.
 42418 | Snake:2  | Bought the +2 pair of boots "Tonimnoil" {-Cast Regen+ Dex+3 Stlth+} for 259 gold pieces
 42603 | Snake:3  | Found Efestra's Food Shop.
 42603 | Snake:3  | Found Qaesaqo's Antique Armour Boutique.
 42612 | Snake:3  | Found Doxtaexo's Antique Armour Emporium.
 42664 | Snake:3  | Bought a pitted cloak for 304 gold pieces
 42674 | Snake:3  | Identified the +3 cloak "Olafun" {Dex+3 SInv} (You bought it in a shop on level 3 of the Snake Pit)
 42715 | Snake:3  | Bought a shiny shield for 135 gold pieces
 43145 | Snake:3  | Found Gysch's Jewellery Shop.
 43156 | Snake:3  | Bought the ring of Pusky {-Tele rF+ rN+++ AC+2 Str+6} for 832 gold pieces
 43171 | Snake:3  | Found Zuitior's Assorted Antiques.
 43179 | Snake:3  | Bought a potion of agility for 100 gold pieces
 43179 | Snake:3  | Bought a scroll of fear for 87 gold pieces
 43179 | Snake:3  | Bought a scroll of blinking for 187 gold pieces
 43588 | Snake:4  | Entered Level 4 of the Snake Pit
 43588 | Snake:4  | Found Pibeitwu's Armour Emporium.
 43588 | Snake:4  | Noticed Aizul
 43605 | Snake:4  | Killed Aizul
 43711 | Snake:3  | Bought a pair of embroidered gloves for 144 gold pieces
 43711 | Snake:3  | Bought a pair of embroidered gloves for 144 gold pieces
 44127 | Snake:4  | Received a gift from Okawaru
 44603 | Snake:4  | Noticed Wiglaf
 44615 | Snake:4  | Killed Wiglaf
 44984 | Snake:4  | Reached XP level 20. HP: 130/191 MP: 32/32
 45224 | Snake:4  | Received a gift from Okawaru
 45233 | Snake:4  | Got a fine war axe {god gift}
 45253 | Snake:4  | Got a serpentine rune of Zot
 45269 | Snake:4  | Identified the +11 war axe of the Median {freeze, rElec Dex+5} (Okawaru gifted it to you on level 4 of the Snake Pit)
 45738 | Vaults:1 | Entered Level 1 of the Vaults
 45859 | Vaults:1 | Found Diakir's Antique Weapon Shop.
 45911 | Vaults:1 | Noticed Nikola
 45929 | Vaults:1 | Killed Nikola
 46106 | Vaults:1 | Reached skill level 15 in Shields
 46347 | Vaults:1 | Noticed Donald
 46358 | Vaults:1 | Killed Donald
 46763 | Vaults:1 | Found Yvvoepla's Armour Boutique.
 46770 | Vaults:1 | Received a gift from Okawaru
 47367 | Vaults:2 | Cast into level 2 of the Abyss (an ogre mage)
 47647 | Vaults:2 | Escaped the Abyss
 48305 | Vaults:2 | Paralysed by a great orb of eyes for 4 turns
 48656 | Vaults:2 | Noticed Mennas
 48683 | Vaults:2 | Killed Mennas
 48698 | Vaults:2 | Noticed Boris
 48711 | Vaults:2 | Killed Boris
 48711 | Vaults:2 | Reached XP level 21. HP: 201/201 MP: 33/33
 48807 | Vaults:2 | Noticed Jorgrun
 48816 | Vaults:2 | Killed Jorgrun
 49418 | Vaults:2 | Paralysed by a Zot trap for 2 turns
 49651 | Vaults:3 | Received a gift from Okawaru
 50078 | Vaults:3 | Reached skill level 10 in Spellcasting
 50487 | Vaults:3 | Found a staircase to the Crypt.
 51140 | Vaults:4 | Found Akesh's Jewellery Shop.
 51189 | Vaults:4 | Received a gift from Okawaru
 51723 | Vaults:4 | Reached XP level 22. HP: 213/213 MP: 35/35
 51741 | Vaults:4 | Received a gift from Okawaru
 52079 | Vaults:4 | Reached skill level 15 in Dodging
 52337 | Vaults:4 | Identified the Handbook of the Lettuce
 52369 | Vaults:4 | Learned a level 3 spell: Regeneration
 53480 | Vaults:5 | Entered Level 5 of the Vaults
 53521 | Vaults:5 | Noticed a golden dragon
 53546 | Vaults:5 | Received a gift from Okawaru
 53553 | Vaults:5 | Killed a golden dragon
 53562 | Vaults:5 | HP: 3/215 [sphinx/divine providence (17)]
 53566 | Vaults:5 | Noticed Sojobo
 54167 | Vaults:5 | Killed Sojobo
 54172 | Vaults:5 | Received a gift from Okawaru
 54175 | Vaults:5 | Reached XP level 23. HP: 188/223 MP: 36/36
 54767 | Vaults:5 | Got a coiled golden ring
 54768 | Vaults:5 | Identified the ring of Hyklum {+Inv rF+ rC+ Slay+2 SInv} (You took it off a fire giant on level 5 of the Vaults)
 54792 | Vaults:5 | Got a pair of encrusted boots
 54803 | Vaults:5 | Identified the cursed -2 pair of boots of the Gloaming {+Blink Str+3} (You found it on level 5 of the Vaults)
 55048 | Vaults:5 | Got a silver rune of Zot
 55058 | Vaults:5 | Learned a level 4 spell: Passage of Golubria
 55457 | Vaults:5 | Received a gift from Okawaru
 56039 | Vaults:5 | Got a pitted plate armour
 56050 | Vaults:5 | Identified the +3 plate armour of Divine Compulsion {rElec Stlth+} (You found it on level 5 of the Vaults)
 56196 | Vaults:5 | Got a warped plate armour
 56207 | Vaults:5 | Identified the cursed +1 plate armour "Gojigh" {Int+3 Dex-2 Slay+4 Stlth+} (You found it on level 5 of the Vaults)
 56924 | Crypt:1  | Entered Level 1 of the Crypt
 57111 | Crypt:1  | Noticed Mara
 57131 | Crypt:1  | Noticed rand0m's illusion
 57135 | Crypt:1  | Noticed rand0m's illusion
 57136 | Crypt:1  | Killed Mara
 57136 | Crypt:1  | Received a gift from Okawaru
 57342 | Crypt:1  | Noticed Xtahua
 57353 | Crypt:1  | Killed Xtahua
 57353 | Crypt:1  | Received a gift from Okawaru
 57365 | Crypt:1  | Reached XP level 24. HP: 203/235 MP: 37/37
 57710 | Crypt:2  | Noticed Frederick
 57719 | Crypt:2  | Killed Frederick
 58949 | Crypt:3  | Entered Level 3 of the Crypt
 59448 | Crypt:3  | Received a gift from Okawaru
 59876 | Crypt:3  | Found a staircase to the Tomb.
 59901 | Crypt:3  | Noticed an ancient lich
 59907 | Crypt:3  | Killed an ancient lich
 59928 | Crypt:3  | Identified Jimpoxod's Tome of Evil
 61623 | Depths:1 | Entered Level 1 of the Depths
 62090 | Depths:1 | Found a gateway to Hell.
 62138 | Depths:1 | Found a one-way gate to the infinite horrors of the Abyss.
 62179 | Depths:1 | Found a gateway to a ziggurat.
 62246 | Depths:1 | Found Dadimoil's Pet Rocks.
 62848 | Depths:2 | Noticed Saint Roka
 62863 | Depths:2 | Received a gift from Okawaru
 62875 | Depths:2 | Killed Saint Roka
 62875 | Depths:2 | Reached XP level 25. HP: 88/245 MP: 37/37
 63160 | Depths:2 | Got a slimy scimitar
 63161 | Depths:2 | Identified the +4 scimitar of Qazlal's Benevolence {vamp, Str+4} (You found it on level 2 of the Depths)
 63922 | Depths:2 | Received a gift from Okawaru
 63967 | Depths:2 | Identified Sif Muna's Guide on Sinister Transmutation
 63981 | Depths:2 | Identified the Disquisition on Clay
 63986 | Depths:2 | Got a steaming halberd
 63993 | Depths:2 | Got an ancient glaive
 63995 | Depths:2 | Got a twisted mace
 64048 | Depths:2 | Got a faintly glowing hand axe
 64049 | Depths:2 | Identified the cursed +3 hand axe of Eternal Vigilance {speed, Str+3 Dex+4} (You found it on level 2 of the Depths)
 64057 | Depths:2 | Identified the cursed +0 halberd of Ekhiep {drain, rElec rPois} (You found it on level 2 of the Depths)
 64060 | Depths:2 | Identified the +3 glaive "Imp's Death" {freeze, MR++ Dex+2} (You found it on level 2 of the Depths)
 64061 | Depths:2 | Identified the cursed +2 mace "Faicvan" {antimagic, +Blink rElec} (You found it on level 2 of the Depths)
 64657 | Depths:3 | Found a one-way gate leading to the halls of Pandemonium.
 65815 | Depths:3 | Received a gift from Okawaru
 65946 | Depths:3 | Got a polished cloak
 65968 | Depths:3 | Identified the cursed +0 cloak "Yngefal" {-Tele MR+ Dex+2 SInv} (You found it on level 3 of the Depths)
 66542 | Depths:3 | Gained mutation: Your spells are a little harder to cast, but a little more powerful. [potion of beneficial mutation]
 67285 | Depths:4 | Found Gozag's Antique Weapon Shop.
 67328 | Depths:4 | Found an opulent altar of Gozag.
 67330 | Depths:4 | Found Gozag's Assorted Antiques.
 67370 | Depths:4 | Received a gift from Okawaru
 67377 | Depths:4 | Found Gozag's Antique Armour Boutique.
 67381 | Depths:4 | Got a jewelled broad axe {god gift}
 67382 | Depths:4 | Identified the +6 broad axe of Gogoraenn {venom, +Inv rF+ rC-} (Okawaru gifted it to you on level 4 of the Depths)
 67521 | Depths:4 | Reached XP level 26. HP: 230/258 MP: 38/38
 68659 | Depths:5 | Entered Level 5 of the Depths
 68690 | Depths:5 | Noticed a juggernaut
 68702 | Depths:5 | Killed a juggernaut
 68870 | Depths:5 | Received a gift from Okawaru
 69122 | Depths:5 | Found a gate to the Realm of Zot.
 69206 | Depths:5 | Noticed a juggernaut
 69215 | Depths:5 | Killed a juggernaut
 69960 | Slime:1  | Entered Level 1 of the Pits of Slime
 70356 | Slime:5  | Gained mutation: You expend magic power (3 MP) to strengthen your wands. [a shining eye]
 70358 | Slime:5  | Gained mutation: You are frail (-10% HP). [a shining eye]
 70363 | Slime:5  | Gained mutation: Your magical capacity is low (-10% MP). [a shining eye]
 70375 | Slime:6  | Entered Level 6 of the Pits of Slime
 70405 | Slime:6  | Noticed rand0m's ghost (veteran MiFi)
 70621 | Slime:6  | Killed rand0m's ghost
 70801 | Slime:6  | Gained mutation: Potions and wands are less effective at restoring your health. [a shining eye]
 70806 | Slime:6  | Lost mutation: Your spells are a little harder to cast, but a little more powerful. [a shining eye]
 70849 | Slime:6  | Received a gift from Okawaru
 70943 | Slime:6  | Noticed the Royal Jelly
 70950 | Slime:5  | Gained mutation: You occasionally shout uncontrollably at your foes. [a shining eye]
 70951 | Slime:5  | Gained mutation: You are dopey. (Int -2) [a shining eye]
 70957 | Slime:5  | Gained mutation: Armour fits poorly on your strangely shaped body. [a shining eye]
 70961 | Slime:5  | Gained mutation: Your magical capacity is very low (-20% MP). [a shining eye]
 70965 | Slime:5  | Gained mutation: You tend to lose your temper in combat. [a shining eye]
 70967 | Slime:5  | Gained mutation: You sometimes yell uncontrollably at your foes. [a shining eye]
 70969 | Slime:5  | Lost mutation: Your muscles are strong. (Str +2) [a shining eye]
 71121 | Slime:6  | Killed the Royal Jelly
 71121 | Slime:6  | Reached XP level 27. HP: 134/242 MP: 30/30
 71233 | Slime:5  | Gained mutation: Your magical capacity is extremely low (-30% MP). [a shining eye]
 71236 | Slime:5  | Gained mutation: Scrolls take you a little longer to read. [a shining eye]
 71584 | Slime:6  | Got a pair of ichor-stained boots
 71597 | Slime:6  | Identified the +0 pair of boots of Hasou {rPois Int+4 Slay-4} (You found it on level 6 of the Pits of Slime)
 71726 | Slime:6  | Got a slimy rune of Zot
 72364 | Elf:1    | Entered Level 1 of the Elven Halls
 72390 | Elf:1    | Lost mutation: Armour fits poorly on your strangely shaped body. [potion of cure mutation]
 72390 | Elf:1    | Lost mutation: You are frail (-10% HP). [potion of cure mutation]
 72390 | Elf:1    | Lost mutation: You expend magic power (3 MP) to strengthen your wands. [potion of cure mutation]
 72390 | Elf:1    | Lost mutation: Scrolls take you a little longer to read. [potion of cure mutation]
 72390 | Elf:1    | Lost mutation: You are dopey. (Int -2) [potion of cure mutation]
 73849 | Elf:2    | Found a runed gate.
 73849 | Elf:2    | Found a runed gate.
 73851 | Elf:2    | Found a runed gate.
 74643 | Elf:3    | Entered Level 3 of the Elven Halls
 75039 | Elf:3    | Received a gift from Okawaru
 75556 | Elf:3    | Reached skill level 27 in Axes
 75922 | Elf:3    | Got a faintly glowing granite ring
 75923 | Elf:3    | Identified the ring of Apoobb {rElec MP+9} (You found it on level 3 of the Elven Halls)
 75956 | Elf:3    | Got a smoking broad axe {chop}
 75957 | Elf:3    | Identified the cursed +0 broad axe of Gluttony {chop, rElec rC+ Str+5 Int-4} (You took it off a deep elf sorcerer on level 3 of the Elven Halls)
 75969 | Elf:3    | Got a crude bronze ring
 75970 | Elf:3    | Identified the ring of Xuaheizu {Fire rElec Dex+3} (You found it on level 3 of the Elven Halls)
 75981 | Elf:3    | Identified Junwable's Guide on Hexes and Black Secrets
 75999 | Elf:3    | Identified the Catalogue of Boosting Evil Rites
 76048 | Elf:3    | Got a brightly glowing lapis lazuli ring
 76051 | Elf:3    | Got an iridescent great mace
 76066 | Elf:3    | Identified the ring of Vekunuets {MR++ Str+4 Slay+3} (You took it off a deep elf death mage on level 3 of the Elven Halls)
 76460 | Lair:2   | Identified the +6 great mace of Sungenar {freeze, *Rage +Rage +Fly rElec} (You found it on level 3 of the Elven Halls)
 76725 | Depths:1 | Voluntarily entered the Abyss.
 76736 | Abyss:1  | Found a corrupted altar of Lugonu.
 76772 | Abyss:1  | Found a corrupted altar of Lugonu.
 76851 | Abyss:1  | Found a corrupted altar of Lugonu.
 77027 | Abyss:1  | Reached skill level 1 in Necromancy
 77121 | Abyss:1  | Reached skill level 27 in Fighting
 77318 | Abyss:1  | Paralysed by accursed screaming for 1 turns
 77709 | Abyss:1  | Noticed an ancient lich
 77723 | Abyss:1  | Killed an ancient lich
 77723 | Abyss:1  | Received a gift from Okawaru
 77847 | Abyss:3  | Found a corrupted altar of Lugonu.
 78739 | Abyss:3  | Gained mutation: Armour fits poorly on your strangely shaped body. [a neqoxec]
 79054 | Abyss:3  | Noticed an ancient lich
 79057 | Abyss:3  | Received a gift from Okawaru
 79071 | Abyss:3  | Killed an ancient lich
 79075 | Abyss:3  | Got a pair of polished gloves {god gift}
 79157 | Abyss:3  | Identified the +0 pair of gloves "Nusiozua" {+Blink} (Okawaru gifted it to you on level 3 of the Abyss)
 79227 | Abyss:3  | Found a corrupted altar of Lugonu.
 79348 | Abyss:3  | Gained mutation: You are frail (-10% HP). [a neqoxec]
 79359 | Abyss:3  | Gained mutation: Your body sometimes deteriorates upon taking damage. [a neqoxec]
 79374 | Abyss:3  | Reached skill level 5 in Necromancy
 79557 | Abyss:3  | Paralysed by accursed screaming for 1 turns
 80299 | Abyss:3  | Got an abyssal rune of Zot
 80473 | Depths:1 | Escaped the Abyss
 80715 | Lair:2   | Lost mutation: You tend to lose your temper in combat. [potion of cure mutation]
 80715 | Lair:2   | Lost mutation: You sometimes yell uncontrollably at your foes. [potion of cure mutation]
 80715 | Lair:2   | Lost mutation: Your body sometimes deteriorates upon taking damage. [potion of cure mutation]
 80715 | Lair:2   | Lost mutation: You are frail (-10% HP). [potion of cure mutation]
 80715 | Lair:2   | Lost mutation: Armour fits poorly on your strangely shaped body. [potion of cure mutation]
 80716 | Lair:2   | Lost mutation: Your magical capacity is extremely low (-30% MP). [potion of cure mutation]
 80716 | Lair:2   | Lost mutation: Potions and wands are less effective at restoring your health. [potion of cure mutation]
 80716 | Lair:2   | Lost mutation: Your magical capacity is very low (-20% MP). [potion of cure mutation]
 80716 | Lair:2   | Lost mutation: You occasionally shout uncontrollably at your foes. [potion of cure mutation]
 80752 | Lair:2   | Gained mutation: Your muscles are strong. (Str +2) [potion of beneficial mutation]
 81241 | D:7      | Bought a Necronomicon for 1435 gold pieces
 81250 | D:7      | Learned a level 8 spell: Necromutation
 81559 | Hell     | Entered the Vestibule of Hell
 81559 | Hell     | Noticed Geryon
 81613 | Zig:1    | Entered Level 1 of a ziggurat
 81635 | Zig:2    | Entered Level 2 of a ziggurat
 81671 | Zig:3    | Entered Level 3 of a ziggurat
 81959 | Zig:4    | Entered Level 4 of a ziggurat
 81979 | Zig:4    | Received a gift from Okawaru
 82041 | Zig:5    | Entered Level 5 of a ziggurat
 82091 | Zig:6    | Entered Level 6 of a ziggurat
 82113 | Zig:6    | HP: 1/273 [Hell Sentinel/iron shot (57)]
 82116 | Zig:7    | Entered Level 7 of a ziggurat
 82776 | Zig:8    | Entered Level 8 of a ziggurat
 82961 | Zig:9    | Entered Level 9 of a ziggurat
 83010 | Zig:9    | Identified Rasch's Reference Book on Spatial Moulding
 83209 | Zig:10   | Entered Level 10 of a ziggurat
 83264 | Zig:10   | Identified the Guide on Mutagenic Clay
 83267 | Zig:10   | Identified the Compendium of Toxins
 83515 | Zig:11   | Entered Level 11 of a ziggurat
 83586 | Zig:11   | Identified the Tome of Stones and the Frostbite
 83600 | Zig:11   | Got a distressingly furry troll leather armour
 83601 | Zig:11   | Identified the cursed +0 troll leather armour "Ecoumon" {rN+ Regen+ Int+5} (You found it on level 11 of a ziggurat)
 83617 | Zig:12   | Entered Level 12 of a ziggurat
 83748 | Zig:13   | Entered Level 13 of a ziggurat
 83798 | Zig:13   | Received a gift from Okawaru
 83813 | Zig:13   | HP: 12/273 [poison (poison gas)]
 84268 | Zig:13   | Got a pair of smoking gloves
 84279 | Zig:13   | Identified the +0 pair of gloves of the Pink Corner {rF+ rC+ Int+3 Slay-5} (You found it on level 13 of a ziggurat)
 84313 | Zig:14   | Entered Level 14 of a ziggurat
 84421 | Zig:14   | Identified the Volume of Stones (You found it on level 14 of a ziggurat)
 84430 | Zig:14   | Got a flickering glass ring
 84437 | Zig:14   | Identified the ring of Jaseci {rPois MP+9} (You found it on level 14 of a ziggurat)
 84455 | Zig:15   | Entered Level 15 of a ziggurat
 84516 | Zig:15   | Gained mutation: You are partially covered in yellow scales (AC +2). [potion of beneficial mutation]
 84520 | Zig:15   | Identified Qisaf's Reference Book on Aerial Fire
 85144 | Zot:1    | Entered Level 1 of the Realm of Zot
 85816 | Zot:1    | Noticed an orb of fire
 85818 | Zot:1    | Gained mutation: You expend magic power (3 MP) to strengthen your wands. [an orb of fire]
 85825 | Zot:1    | Gained mutation: You tend to lose your temper in combat. [an orb of fire]
 85827 | Zot:1    | Gained mutation: Scrolls take you a little longer to read. [an orb of fire]
 85833 | Zot:1    | Killed an orb of fire
 85833 | Zot:1    | Reached skill level 15 in Spellcasting
 85850 | Zot:1    | Received a gift from Okawaru
 86239 | Zot:1    | Noticed an orb of fire
 86245 | Zot:1    | Gained mutation: Your magical capacity is very low (-20% MP). [an orb of fire]
 86259 | Zot:1    | Gained mutation: Your spells are a little easier to cast, but a little less powerful. [an orb of fire]
 86275 | Zot:1    | Killed an orb of fire
 86964 | Zot:2    | Received a gift from Okawaru
 88893 | Zot:3    | Found a blossoming altar of Fedhas.
 90418 | Zot:5    | Entered Level 5 of the Realm of Zot
 90654 | Zot:5    | Received a gift from Okawaru
 90812 | Zot:5    | Noticed an ancient lich
 90823 | Zot:5    | Killed an ancient lich
 90823 | Zot:5    | Received a gift from Okawaru
 90832 | Zot:5    | Noticed an ancient lich
 90844 | Zot:5    | Gained mutation: You are clumsy. (Dex -2) [mutagenic glow]
 90854 | Zot:5    | Killed an ancient lich
 90855 | Zot:5    | Noticed an ancient lich
 90856 | Zot:5    | Noticed an orb of fire
 90869 | Zot:5    | Noticed an orb of fire
 90869 | Zot:5    | Killed an ancient lich
 90874 | Zot:5    | Killed an orb of fire
 90879 | Zot:5    | Gained mutation: Your spells are easier to cast, but less powerful. [an orb of fire]
 90883 | Zot:5    | Received a gift from Okawaru
 90886 | Zot:5    | Killed an orb of fire
 91114 | Zot:5    | Noticed an orb of fire
 91123 | Zot:5    | Killed an orb of fire
 91130 | Zot:5    | Noticed an ancient lich
 91138 | Zot:5    | Killed an ancient lich
 91201 | Zot:5    | Noticed an ancient lich
 91214 | Zot:5    | Killed an ancient lich
 91393 | Zot:5    | Received a gift from Okawaru
 91439 | Zot:5    | Noticed an orb of fire
 91454 | Zot:5    | Noticed an orb of fire
 91459 | Zot:5    | Gained mutation: Scrolls take you longer to read. [an orb of fire]
 91460 | Zot:5    | Killed an orb of fire
 91462 | Zot:5    | Noticed an orb of fire
 91468 | Zot:5    | Killed an orb of fire
 91489 | Zot:5    | Killed an orb of fire
 92092 | Depths:5 | Received a gift from Okawaru
 92447 | Hell     | Killed Geryon
 92593 | Hell     | Found a gateway to the decaying netherworld of Tartarus.
 92668 | Hell     | Found a gateway to the freezing wastes of Cocytus.
 92769 | Hell     | Found a gateway to the Iron City of Dis.
 92802 | Hell     | Found a gateway to the ashen valley of Gehenna.
 92931 | Hell     | Upgraded the game from 0.18-a0-1718-g40ea4b6 to 0.18-a0-1720-g8df8b1a
 92954 | Geh:1    | Entered Level 1 of Gehenna
 93462 | Snake:4  | Bought a +2 pair of boots of flying for 344 gold pieces
 93462 | Snake:4  | Bought a +0 shield of cold resistance for 184 gold pieces
 94152 | Geh:1    | Reached skill level 1 in Transmutations
 94791 | Geh:1    | Received a gift from Okawaru
 96001 | Geh:3    | Received a gift from Okawaru
 96001 | Geh:3    | Reached skill level 15 in Necromancy
 96111 | Geh:3    | Reached skill level 5 in Transmutations
 96115 | Geh:3    | Received a gift from Okawaru
 97652 | Geh:4    | Received a gift from Okawaru
 98408 | Depths:1 | Voluntarily entered the Abyss.
 98521 | Abyss:1  | Gained mutation: You are very clumsy. (Dex -4) [a cacodemon]
 98545 | Depths:1 | Escaped the Abyss
 98959 | Depths:1 | Voluntarily entered the Abyss.
 99423 | Abyss:1  | Found a deep blue altar of Sif Muna.
 99507 | Abyss:1  | Found a deep blue altar of Sif Muna.
 99514 | Abyss:1  | Got a steaming diamond amulet
 99546 | Abyss:1  | Identified the amulet "Kyonaci" {Dismiss Dex+2} (You found it on level 1 of the Abyss)
 99979 | Abyss:1  | Found a sparkling altar of Nemelex Xobeh.
100699 | Abyss:1  | Found a sacrificial altar of Ru.
100852 | Abyss:1  | Found a sacrificial altar of Ru.
101483 | Abyss:1  | Reached skill level 10 in Transmutations
101496 | Depths:1 | Escaped the Abyss
101875 | Depths:1 | Voluntarily entered the Abyss.
102465 | Abyss:1  | Gained mutation: You are dopey. (Int -2) [a neqoxec]
103059 | Abyss:1  | Reached skill level 27 in Armour
103141 | Abyss:1  | Received a gift from Okawaru
103239 | Abyss:1  | Found a blossoming altar of Fedhas.
103286 | Abyss:1  | Found a blossoming altar of Fedhas.
103479 | Abyss:1  | Got a shimmering pewter amulet
103495 | Abyss:1  | Identified the amulet of Kaapakis {Spirit rElec rPois MP-9 SInv} (You found it on level 1 of the Abyss)
103537 | Abyss:1  | Found a bloodstained altar of Trog.
103696 | Depths:1 | Escaped the Abyss
104193 | Depths:1 | Voluntarily entered the Abyss.
105080 | Abyss:1  | Found a corrupted altar of Lugonu.
105195 | Abyss:1  | Paralysed by you for 2 turns
105355 | Abyss:1  | Found a corrupted altar of Lugonu.
105368 | Depths:1 | Escaped the Abyss
105370 | Depths:1 | Voluntarily entered the Abyss.
106002 | Abyss:1  | Found a sacrificial altar of Ru.
106111 | Abyss:1  | Found a sacrificial altar of Ru.
106330 | Abyss:1  | Reached skill level 27 in Shields
106818 | Abyss:1  | Found a corrupted altar of Lugonu.
107452 | Abyss:1  | Found a corrupted altar of Lugonu.
107470 | Depths:1 | Escaped the Abyss
107473 | Depths:1 | Voluntarily entered the Abyss.
107473 | Abyss:1  | Found a corrupted altar of Lugonu.
107928 | Abyss:1  | Received a gift from Okawaru
108557 | Depths:1 | Escaped the Abyss
108847 | Depths:1 | Voluntarily entered the Abyss.
108847 | Abyss:1  | Found a corrupted altar of Lugonu.
109651 | Abyss:1  | Gained mutation: Your magical capacity is extremely low (-30% MP). [a neqoxec]
109896 | Abyss:1  | Paralysed by you for 5 turns
110297 | Abyss:1  | Gained mutation: You are frail (-10% HP). [a neqoxec]
110309 | Abyss:1  | Lost mutation: You expend magic power (3 MP) to strengthen your wands. [a neqoxec]
110323 | Depths:1 | Escaped the Abyss
110580 | Depths:1 | Received a gift from Okawaru
110716 | Depths:1 | Voluntarily entered the Abyss.
110867 | Abyss:1  | Gained mutation: You often lose your temper in combat. [a neqoxec]
110869 | Abyss:1  | Paralysed by accursed screaming for 1 turns
110870 | Abyss:1  | Gained mutation: Armour fits poorly on your strangely shaped body. [a neqoxec]
110896 | Abyss:1  | Gained mutation: You are very dopey. (Int -4) [a neqoxec]
110917 | Abyss:1  | Gained mutation: You expend magic power (3 MP) to strengthen your wands. [mutagenic glow]
110963 | Abyss:1  | Gained mutation: Scrolls take you much longer to read. [mutagenic glow]
110990 | Abyss:1  | Gained mutation: Your spells are much easier to cast, but much less powerful. [mutagenic glow]
111001 | Abyss:1  | Gained mutation: You are very frail (-20% HP). [a neqoxec]
111094 | Abyss:1  | Found a corrupted altar of Lugonu.
111321 | Abyss:1  | Lost mutation: Your muscles are strong. (Str +2) [a neqoxec]
111614 | Abyss:1  | Gained mutation: Potions and wands are less effective at restoring your health. [a cacodemon]
111913 | Abyss:1  | Found a corrupted altar of Lugonu.
112332 | Abyss:1  | Got a crude plate armour
112336 | Abyss:1  | Identified the +10 plate armour of Crawling {rPois rF+ rC+} (You found it on level 1 of the Abyss)
112340 | Abyss:1  | Lost mutation: Armour fits poorly on your strangely shaped body. [helix card]
112980 | Abyss:1  | Found a corrupted altar of Lugonu.
113334 | Depths:1 | Escaped the Abyss
113703 | Depths:1 | Lost mutation: Potions and wands are less effective at restoring your health. [potion of cure mutation]
113703 | Depths:1 | Lost mutation: You are very frail (-20% HP). [potion of cure mutation]
113703 | Depths:1 | Lost mutation: Your spells are much easier to cast, but much less powerful. [potion of cure mutation]
113703 | Depths:1 | Lost mutation: Your magical capacity is extremely low (-30% MP). [potion of cure mutation]
113703 | Depths:1 | Lost mutation: You often lose your temper in combat. [potion of cure mutation]
113704 | Depths:1 | Lost mutation: You are very dopey. (Int -4) [potion of cure mutation]
113704 | Depths:1 | Lost mutation: You tend to lose your temper in combat. [potion of cure mutation]
113704 | Depths:1 | Lost mutation: You are frail (-10% HP). [potion of cure mutation]
113704 | Depths:1 | Lost mutation: You are partially covered in yellow scales (AC +2). [potion of cure mutation]
113704 | Depths:1 | Lost mutation: You are very clumsy. (Dex -4) [potion of cure mutation]
113705 | Depths:1 | Lost mutation: Your spells are easier to cast, but less powerful. [potion of cure mutation]
113705 | Depths:1 | Lost mutation: You are dopey. (Int -2) [potion of cure mutation]
113705 | Depths:1 | Lost mutation: Your magical capacity is very low (-20% MP). [potion of cure mutation]
113706 | Depths:1 | Lost mutation: Scrolls take you much longer to read. [potion of cure mutation]
113706 | Depths:1 | Lost mutation: You are clumsy. (Dex -2) [potion of cure mutation]
113706 | Depths:1 | Lost mutation: Scrolls take you longer to read. [potion of cure mutation]
113706 | Depths:1 | Lost mutation: Your magical capacity is low (-10% MP). [potion of cure mutation]
113706 | Depths:1 | Lost mutation: Scrolls take you a little longer to read. [potion of cure mutation]
113706 | Depths:1 | Lost mutation: Your spells are a little easier to cast, but a little less powerful. [potion of cure mutation]
114093 | Depths:1 | Noticed a juggernaut
114105 | Depths:1 | Killed a juggernaut
114152 | Pan      | Entered the realm of Cerebov.
114152 | Pan      | Entered Pandemonium
114204 | Pan      | Found an exit through the horrors of the Abyss.
114998 | Pan      | Reached skill level 15 in Transmutations
115020 | Pan      | Received a gift from Okawaru
115148 | Pan      | Noticed Cerebov
115193 | Pan      | Killed Cerebov
115589 | Pan      | Got a fiery rune of Zot
115635 | Pan      | Got a steaming lead amulet
115637 | Pan      | Identified an amulet "Loaqen" {+Rage MR++ Str-3 Dex+4} (You took it off a balrug in Pandemonium)
115737 | Pan      | Identified Obbock's Reference Book on Damaging Shape Shifting
115741 | Pan      | Learned a level 2 spell: Passwall
115758 | Pan      | Identified Sif Muna's Guide on Venomous Feathers
115835 | Pan      | Found an exit through the horrors of the Abyss.
116519 | Pan      | Noticed Ruac Oxtoan the pandemonium lord
116541 | Pan      | Killed Ruac Oxtoan the pandemonium lord
116603 | Pan      | Got a demonic rune of Zot
117624 | Pan      | Received a gift from Okawaru
117977 | Pan      | Noticed Wotier the pandemonium lord
118033 | Pan      | Killed Wotier the pandemonium lord
118454 | Pan      | Found an exit through the horrors of the Abyss.
118618 | Pan      | Gained mutation: Scrolls take you a little longer to read. [a neqoxec]
118969 | Pan      | Gained mutation: You are dopey. (Int -2) [a neqoxec]
119305 | Pan      | Found a runed door.
119330 | Pan      | Found a runed door.
119590 | Pan      | Received a gift from Okawaru
119625 | Pan      | Found an exit through the horrors of the Abyss.
119659 | Pan      | Found a runed door.
119667 | Pan      | Identified a scroll of acquirement
119691 | Pan      | Found a runed door.
119694 | Pan      | Noticed Apiapriy the pandemonium lord
119702 | Pan      | Killed Apiapriy the pandemonium lord
120100 | Pan      | Gained mutation: Your muscles are strong. (Str +2) [a neqoxec]
120143 | Pan      | Lost mutation: You are dopey. (Int -2) [potion of cure mutation]
120143 | Pan      | Lost mutation: Scrolls take you a little longer to read. [potion of cure mutation]
120143 | Pan      | Lost mutation: Your muscles are strong. (Str +2) [potion of cure mutation]
120143 | Pan      | Lost mutation: You expend magic power (3 MP) to strengthen your wands. [potion of cure mutation]
120379 | Pan      | Noticed Tydwalix the pandemonium lord
120404 | Pan      | Killed Tydwalix the pandemonium lord
120816 | Pan      | Found an exit through the horrors of the Abyss.
121845 | Pan      | Noticed Ekhlu the pandemonium lord
121928 | Pan      | Killed Ekhlu the pandemonium lord
122379 | Pan      | Gained mutation: You are occasionally teleported next to monsters. [a neqoxec]
122498 | Pan      | Found an exit through the horrors of the Abyss.
122835 | Pan      | Gained mutation: You are dopey. (Int -2) [a neqoxec]
123490 | Pan      | Noticed Quuzi the pandemonium lord
123638 | Pan      | Received a gift from Okawaru
124457 | Pan      | Found an exit through the horrors of the Abyss.
124547 | Pan      | Killed Quuzi the pandemonium lord
124880 | Pan      | Gained mutation: You occasionally shout uncontrollably at your foes. [a cacodemon]
125296 | Pan      | Found an exit through the horrors of the Abyss.
125389 | Pan      | Noticed Tozob the pandemonium lord
125696 | Pan      | Killed Tozob the pandemonium lord
125696 | Pan      | Reached skill level 5 in Invocations
126392 | Pan      | Received a gift from Okawaru
126708 | Pan      | Entered the realm of Lom Lobon.
126754 | Pan      | Reached skill level 1 in Charms
126812 | Pan      | Reached skill level 27 in Dodging
126812 | Pan      | Reached skill level 1 in Air Magic
126902 | Pan      | Found an exit through the horrors of the Abyss.
127598 | Pan      | Noticed Lom Lobon
127648 | Pan      | Killed Lom Lobon
127960 | Pan      | Received a gift from Okawaru
128072 | Pan      | Got a magical rune of Zot
128587 | Pan      | Entered the realm of Gloorx Vloq.
128587 | Pan      | Found an exit through the horrors of the Abyss.
128629 | Pan      | Noticed Gloorx Vloq
129217 | Pan      | Received a gift from Okawaru
129402 | Pan      | Got a dark rune of Zot
129434 | Pan      | Killed Gloorx Vloq
130095 | Pan      | Entered the realm of Mnoleg.
130248 | Pan      | Gained mutation: You passively map a small area around you. [a neqoxec]
130485 | Pan      | Gained mutation: You are very dopey. (Int -4) [a neqoxec]
130502 | Pan      | Gained mutation: You expend magic power (3 MP) to strengthen your wands. [a neqoxec]
130554 | Pan      | Noticed Mnoleg
130590 | Pan      | Killed Mnoleg
130590 | Pan      | Received a gift from Okawaru
130807 | Pan      | Got a glowing rune of Zot
131063 | Pan      | Lost intelligence.
131065 | Pan      | Gained mutation: You are frail (-10% HP). [a cacodemon]
131066 | Pan      | Gained mutation: Scrolls take you a little longer to read. [a cacodemon]
131076 | Pan      | Gained mutation: You are weak. (Str -2) [a cacodemon]
131143 | Pan      | Gained mutation: You regenerate slowly when monsters are visible. [a cacodemon]
131177 | Pan      | Found an exit through the horrors of the Abyss.
131468 | Pan      | Gained mutation: You are very frail (-20% HP). [a cacodemon]
131469 | Pan      | Gained mutation: You sometimes yell uncontrollably at your foes. [a cacodemon]
131472 | Pan      | Gained mutation: Your magical capacity is low (-10% MP). [a cacodemon]
131646 | Pan      | Noticed Zeyxarac the pandemonium lord
131675 | Pan      | Killed Zeyxarac the pandemonium lord
131675 | Pan      | Received a gift from Okawaru
131707 | Pan      | HP: 8/214 [infernal demonspawn/enchanted demon trident (3)]
132506 | Pan      | Found an exit through the horrors of the Abyss.
132525 | Depths:3 | Escaped Pandemonium
133042 | Tomb:1   | Entered Level 1 of the Tomb of the Ancients
134862 | Tomb:1   | Noticed a greater mummy
134871 | Tomb:1   | Killed a greater mummy
134909 | Tomb:1   | Received a gift from Okawaru
135135 | Tomb:2   | Noticed a greater mummy
135135 | Tomb:2   | Noticed a greater mummy
135135 | Tomb:2   | Noticed a greater mummy
135137 | Tomb:2   | Noticed a greater mummy
135146 | Tomb:1   | Killed from afar by an anubis guard

Vault maps used:
D:1:      lemuel_arrival_lava_pool, lemuel_old_faithful
D:2:      evilmike_ruin_ashenzari, nicolae_overflow_hidden_temple
D:3:      grunt_dithmenos_smoke, nemelex_dance_club_becter
D:4:      first_bread, hangedman_abyss_or_decor_passed
D:5:      nicolae_gozag_seed_capital, temple_pool_b, uniq_menkaure
D:6:      wad_pebble_path, serial_glass, glass_columns_a, glass_columns_a,
          glass_columns_a, glass_columns_a, glass_columns_b, glass_columns_a,
          glass_columns_a, glass_columns_a, glass_columns_c, glass_columns_b,
          serial_shops, shop, shop, minivault_19, uniq_eustachio, uniq_grinder,
          uniq_crazy_yiuf_cottage
D:7:      lemuel_coloured_pillars_altar, kennysheep_mini_moat, serial_shops,
          kennysheep_mini, uniq_duvessa
D:8:      kennysheep_little_box, uniq_erolcha
D:9:      old_standard_altar, nicolae_tso_carved_into_rock,
          grunt_decor_mini_mirrors
D:10:     special_room, uniq_harold
D:11:     uniq_psyche
D:12:     david_orc_4, uniq_maurice
D:13:     david_vaults_2, grunt_pizzeria, small_statue_intersection,
          einodemon_armed_red_devil_minivault
D:14:     infiniplex_staircase_squiggle, enter_bailey_2, uniq_roxanne
D:15:     grunt_enter_depths_magical_seal, minmay_misc_feat_nine_boxes
Temple:   triangle_lava_temple_11
Lair:1:   nicolae_volcano_entry_lava_flow, beast_lair_carwin_1, uniq_sonja,
          uniq_urug, uniq_gastronok
Lair:2:   portal_ice_cave_entry_ice_beasts, lemuel_fruit_fields
Lair:3:   minmay_swamp_entry_worms, lemuel_fruit_fields
Lair:4:   uniq_maud
Lair:5:   dummy_snake_entry, beast_lair_carwin_3
Lair:6:   infiniplex_staircase_pool, grunt_megastairs_1, serial_bayou_shore_b
Lair:7:   slime_altar_1, beast_lair_carwin_11, grunt_megastairs_2
Lair:8:   minmay_lair_end_enchanted_forest, lab_entry_generic,
          lemuel_centaur_altar, serial_bayou_shore_b
Swamp:1:  evilmike_swamp_ruin_wall, swamp_pool4, nicolae_swamp_snake_nest
Swamp:2:  infiniplex_staircase_pool_2
Swamp:3:  hangedman_swamp_blocks
Swamp:4:  swamp
Snake:1:  grunt_ministairs_5
Snake:2:  serial_shops, shop, basic_altar, lemuel_fruit_tree
Snake:3:  serial_shops, nicolae_shop_stone, shop, shop_coins,
          nicolae_shop_crystal, shop, nicolae_snake_linked_coils
Snake:4:  snake_pit_salamanders_mu, serial_shops, nicolae_shop_waterfront,
          uniq_wiglaf, uniq_aizul
Slime:1:  cheibrodos_slime_lost_civilization_4
Orc:1:    uniq_josephine
Orc:2:    st_orc_town, lightli_orcish_oven
Elf:1:    orc_legates, fountainhead
Elf:3:    minmay_elf_hall_hex
Vaults:1: vaults_room_glass_cross, v_alt_pattern_2, v_misc_27,
          nicolae_vaults_yaktaur_gun_rack, ontoclasm_vaults_loading_screen,
          v_rooms_3, vaults_room_mumra_shop_pool, grunt_vaults_funnel,
          dpeg_vaults_monster_box, serial_shops, shop, uniq_nikola, uniq_donald
Vaults:2: dpeg_vaults_monster_row, v_misc_31, hangedman_vaults_cutoff,
          nicolae_vaults_circle_grid_a, hangedman_vaults_corner, v_misc_1,
          nicolae_vaults_angled_halls, nicolae_vaults_little_squares_2,
          hangedman_vaults_cutoff, vaults_dpeg_encased_lava,
          nicolae_vaults_diagonal_hallway_8, uniq_jorgrun, uniq_mennas,
          uniq_boris
Vaults:3: nicolae_vaults_three_branches, minmay_crypt_entry_simple_box,
          nicolae_vaults_little_ls, nicolae_vaults_asterisk,
          nicolae_vaults_puzzle_piece, hangedman_vaults_trim,
          ontoclasm_vaults_shout, vaults_room_boxed, v_misc_4, v_pattern_2
Vaults:4: v_misc_18, st_greater_box_4, v_misc_10, v_misc_15,
          ontoclasm_vaults_pinch, vaults_standard_mumra_x, grunt_vaults_swirl,
          v_misc_30, v_misc_24, nicolae_vaults_little_squares_3, v_pattern_5,
          serial_shops, shop
Vaults:5: uniq_sojobo
Crypt:1:  grunt_crypt_arrival_webbed, grunt_megastairs_3, uniq_mara, uniq_xtahua
Crypt:2:  nicolae_crypt_little_mausoleum, uniq_frederick
Crypt:3:  quadcrypt_mu
Depths:1: enter_ziggurat_b, hangedman_abyss_entry_splay, minivault_14,
          lightli_too_deep, minmay_misc_feat_diagonals, guppyfry_shop_earth,
          serial_bayou_shore_b, serial_bayou_shore_b, serial_bayou_shore_b
Depths:2: gold_lair_mu, serial_sigils, serial_sigils_hangedman_gnaw,
          serial_sigils_hangedman_clutch, serial_sigils_hangedman_shear,
          serial_sigils_hangedman_confine, hell_entry, uniq_saint_roka
Depths:3: hangedman_six_sided_sadism, grunt_pan_entry_spiral,
          grunt_hell_entry_dis_mu
Depths:4: kennysheep_gozag_temple, hell_entry, minivault_11, abyss_entry,
          serial_sigils_hangedman_gut, kennysheep_potato
Depths:5: evilmike_zot_entry_diamond, pan_entry, hell_entry
Zot:1:    st_single_dragon_hoard_3
Zot:3:    basic_altar, hangedman_zot_wheel_spokes, st_stairs_12
Zot:4:    lemuel_draconian_sentries_small
Abyss:1:  hangedman_decor_riveting
Abyss:2:  evilmike_abyss_exit_12
Abyss:3:  evilmike_abyss_rune_tentacle_tunnel, small_statue_intersection
Pan:      cerebov, evilmike_mini_pan_3x3, grunt_pan_in_and_out,
          nicolae_pan_sigil_itan, rand_demon_7, nicolae_pan_gloorx_vloqian_3,
          reaverb_pan_chaos_star, grunt_pan_frozen_over, pan_blood_fountain,
          nicolae_pan_sigil_uleosi, nicolae_pan_cerebovesque_2,
          nicolae_pan_sick_transit, evilmike_mini_pan_doors,
          nicolae_pan_double_arrow, grunt_pan_in_and_out, lom_lobon_spiral_st,
          pan_blood_fountain_2, gloorx_vloq, mnoleg, pan_surprise,
          evilmike_mini_pan_diamond, pan_blood_fountain_small
Zig:8:    ziggurat_pillar_centre_dead_trees
Zig:9:    ziggurat_loot_1
Zig:13:   ziggurat_pillar_centre_oklobs
Lab:      nicolae_lab_dead_end, lab_block, lab_statue
Bailey:   bailey_axe_minmay_hex_keep, bailey
IceCv:    ice_cave_caverns_01
Volcano:  volcano_pools

Skill      XL: |  1  2  3  4  5  6  7  8  9 10 11 12 13 14 15 16 17 18 19 20 21 22 23 24 25 26 27 |
---------------+----------------------------------------------------------------------------------+-----
Fighting       | 4 5 7 9 10 11 12 13 14 15 16 18 19 20 21 22 23 24 25 26 27 | 27.0
Armour         | 4 5 6 7 8 9 12 13 14 15 16 17 18 19 20 27 | 27.0
Shields        | 4 5 6 7 8 9 10 11 12 13 14 15 16 17 18 19 27 | 27.0
Dodging        | 1 2 3 4 5 6 7 8 9 10 11 12 13 14 15 16 17 18 27 | 27.0
Axes           | 3 4 5 6 7 8 9 11 12 13 15 16 17 18 19 20 21 22 23 24 25 26 27 | 27.0
Spellcasting   | 1 2 3 4 5 6 7 8 9 10 11 12 21 | 21.0
Invocations    | 2 4 7 |  7.0
Evocations     | 2 3 4 5 6 |  6.0
Necromancy     | 19 | 19.4
Transmutations | 19 | 19.4
Charms         | 2 |  2.3
Air Magic      | 2 |  2.3

Action                   |  1- 3 |  4- 6 |  7- 9 | 10-12 | 13-15 | 16-18 | 19-21 | 22-24 | 25-27 || total
-------------------------+-------+-------+-------+-------+-------+-------+-------+-------+-------++-------
Melee: War axe           |    85 |   168 |    91 |   125 |       |       |   797 |       |       ||  1266
       Whip              |       |       |   166 |   826 |  1042 |   450 |       |       |       ||  2484
       Broad axe         |       |       |       |       |   510 |  1116 |   592 |  1146 |  9870 || 13234
 Cast: Regeneration      |       |       |       |       |       |       |       |       |   343 ||   343
       Repel Missiles    |       |       |       |       |       |       |       |       |    36 ||    36
       Necromutation     |       |       |       |       |       |       |       |       |    13 ||    13
Invok: Heroism           |       |       |       |     3 |     3 |     2 |     4 |     5 |    23 ||    40
       Finesse           |       |       |       |     3 |     2 |     2 |     4 |     6 |    48 ||    65
 Abil: Evoke Invisibilit |       |       |       |       |     3 |    10 |       |       |    21 ||    34
Evoke: Wand              |       |       |       |     3 |     3 |       |       |     5 |    93 ||   104
       Deck              |       |       |       |       |       |       |       |       |     3 ||     3
  Use: Scroll            |       |    13 |     3 |    12 |    17 |    13 |    12 |    23 |    86 ||   179
       Potion            |       |       |     4 |     4 |     7 |     5 |    14 |    11 |    75 ||   120
 Stab: Paralysed         |       |       |       |     4 |       |       |       |       |       ||     4
       Invisible         |       |       |       |       |    21 |     8 |    17 |       |   128 ||   174
       Confused          |       |       |       |       |       |     2 |       |     1 |     3 ||     6
       Distracted        |       |       |       |       |       |       |     1 |     1 |     4 ||     6
  Eat: Chunk             |     1 |     8 |     8 |    36 |    46 |    49 |    43 |    23 |   150 ||   364
       Beef jerky        |       |       |     1 |       |       |       |       |       |    13 ||    14
       Fruit             |       |       |     5 |       |       |       |       |     1 |     5 ||    11
       Pizza             |       |       |       |       |       |     1 |       |     2 |    11 ||    14
       Meat ration       |       |       |       |       |       |       |       |     2 |    15 ||    17
       Royal jelly       |       |       |       |       |       |       |       |     1 |     3 ||     4
       Bread ration      |       |       |       |       |       |       |       |       |    14 ||    14
